 Dungeon Crawl Stone Soup version 0.22-a0-282-gdd34a7dfb5 (webtiles) character file.

8318 FollowTheCloud the Fighter (level 11, -3/107 HPs)
             Began as a Minotaur Fighter on Mar 17, 2018.
             Was a Priest of Ru.
             Killed from afar by a gargoyle (18 damage)
             ... with a stone arrow
             ... on level 11 of the Dungeon on Mar 18, 2018.
             The game lasted 00:27:07 (14735 turns).

FollowTheCloud the Fighter (Minotaur Fighter)      Turns: 14735, Time: 00:27:08

Health: -3/107     AC: 16    Str: 25    XL:     11   Next: 8%
Magic:  10/10      EV:  6    Int:  5    God:    Ru [***...]
Gold:   530        SH:  9    Dex:  9    Spells: 10/10 levels left

rFire    . . .     SeeInvis .   p - +1 war axe (vamp)
rCold    . . .     Gourm    .   c - +0 shield
rNeg     . . .     Faith    .   u - +0 chain mail
rPois    .         Spirit   .   (helmet restricted)
rElec    .         Reflect  .   (no cloak)
rCorr    .         Harm     .   v - +2 pair of gloves {archery}
MR       .....                  (no boots)
Stlth    ..........             (no amulet)
HPRegen  0.27/turn              (no ring)
MPRegen  0.12/turn              (no ring)

@: no status effects
A: retaliatory headbutt, horns 2, cowardly, inexperienced 1
a: Draw Out Power, Renounce Religion


You were on level 11 of the Dungeon.
You worshipped Ru.
Ru was most pleased with you.
You were not hungry.

You visited 2 branches of the dungeon, and saw 14 of its levels.

You collected 530 gold pieces.

Inventory:

Hand Weapons
 p - a +1 vampiric war axe (weapon)
Armour
 b - a +0 scale mail
 c - a +0 shield (worn)
 u - a +0 chain mail (worn)
 v - a +2 pair of gloves of archery (worn)
Jewellery
 t - the amulet "Xuala" {Faith *Slow rF++ MR+, unknown}
   (You found it on level 10 of the Dungeon)

   [amulet of faith]

   It allows you to gain divine favour quickly.
   It greatly protects you from fire.
   It affects your resistance to hostile enchantments.
   It may slow you when you take damage.
Wands
 a - a wand of iceblast (3)
 y - a wand of flame (20)
Scrolls
 e - 2 scrolls of enchant weapon
 g - 2 scrolls of noise
 j - 4 scrolls of enchant armour
 k - a scroll of amnesia
 m - a scroll of remove curse
 n - 2 scrolls of teleportation
 r - a scroll of identify
 B - a scroll of blinking
Potions
 h - 3 potions of haste {unknown}
 i - 3 potions of heal wounds
 l - a potion of agility {unknown}
 o - 2 potions of berserk rage {unknown}
 q - a potion of mutation {unknown}
 s - 2 potions of degeneration {unknown}
 x - 3 potions of curing {unknown}
 A - 3 potions of brilliance {unknown}
Comestibles
 f - 20 rations


   Skills:
 + Level 13.3 Fighting
 + Level 13.1 Axes
 + Level 13.3 Armour
 - Level 3.6 Shields


You had 10 spell levels left.
You didn't know any spells.

Dungeon Overview and Level Annotations

Branches:
Dungeon (13/15)            Temple (1/1) D:7            Lair (0/6) D:10
    Orc (0/2) D:10
 Vaults: D:13-14

Altars:
Ashenzari
Cheibriados
Dithmenos
Elyvilon
Fedhas
Gozag
Hepliaklqana
Kikubaaqudgha
Makhleb
Nemelex Xobeh
Okawaru
Qazlal
Ru
Sif Muna
Trog
Uskayaw
Vehumet
Wu Jian
Xom
Yredelemnul
Zin
The Shining One

Annotations:
D:4 Execuda's ghost, novice MiGl


Innate Abilities, Weirdness & Mutations

You reflexively headbutt those who attack you in melee.
You have a pair of horns on your head.
Your cowardice makes you less effective in combat with threatening monsters.
You are somewhat inexperienced. (-2 XL)


Message History

The gargoyle is heavily damaged.
The orc priest begins to pray, but is stunned by your will!
The gargoyle begins to attack, but is stunned by your will!
You closely miss the gargoyle.
The gargoyle is heavily damaged.
You redirect the gargoyle's attack!
You block the gargoyle's attack.
You hit the gargoyle but do no damage.
The gargoyle is heavily damaged.
You hit the gargoyle but do no damage.
The gargoyle is heavily damaged.
The gargoyle hurls a stone arrow at you.
The stone arrow hits you!
* * * LOW HITPOINT WARNING * * *
You focus your will and blind the gargoyle in retribution!
You closely miss the gargoyle.
The gargoyle is heavily damaged.
The gargoyle hurls a stone arrow at you.
The stone arrow hits you!
You die...

######### ####
#.......# ##..#
#.......# #...####
#.......#
#####.#....###.......#
##.....)..............#
...(...>$%..###.......#
##........).# #.@.....#
#..........####9######
#.........Yo...o#
#..............##
?............##.#
...#.#######.##!..
##.#. ..##.....
..........#
#..###.....#


You could see a gargoyle (blind) and an orc priest.

Vanquished Creatures
  A stone giant (D:12)
  4 two-headed ogres
  An orc knight (D:13)
  Psyche (D:10)
  4 trolls
  2 hippogriffs
  3 hornets (D:9)
  Eustachio (D:6)
  2 wyverns
  A wraith (D:10)
  5 yaks
  A hungry ghost (D:9)
  A steam dragon (D:10)
  3 vampire mosquitoes (D:12)
  A warg (D:13)
  2 acid dragons
  A water moccasin (D:12)
  A phantom (D:6)
  2 sky beasts
  4 ice beasts
  2 necrophages
  4 orc warriors
  A hornet zombie (D:10)
  An eye of draining (D:12)
  2 centaurs
  8 ogres
  4 crocodiles (D:10)
  4 big kobolds
  A gnoll sergeant (D:8)
  5 bullfrogs
  A wyvern zombie (D:8)
  3 scorpions
  12 killer bees
  An electric eel (D:10)
  A howler monkey (D:4)
  3 jellies
  2 crimson imps
  9 hounds
  6 orc priests
  9 orc wizards
  2 bullfrog skeletons
  4 iguanas
  10 worker ants
  A hound zombie (D:9)
  2 hound skeletons
  7 gnolls
  9 adders
  6 river rats (D:5)
  A shadow imp (D:5)
  An ooze (D:7)
  An adder skeleton (D:8)
  2 worms (D:2)
  2 dart slugs
  5 leopard geckos
  45 orcs
  A ball python (D:1)
  8 giant cockroaches
  3 goblins
  8 hobgoblins
  3 jackals
  31 kobolds
  9 quokkas
  A ball python skeleton (D:5)
  6 bats
  5 frilled lizards
  26 rats
319 creatures vanquished.

Vanquished Creatures (collateral kills)
  A crimson imp (D:10)
1 creature vanquished.

Vanquished Creatures (others)
  An ugly thing (D:12)
  A yak (D:12)
  An orc (D:12)
3 creatures vanquished.

Grand Total: 323 creatures vanquished

Notes
Turn   | Place    | Note
-------+----------+-------------------------------------------
     0 | D:1      | FollowTheCloud the Minotaur Fighter began the quest for the Orb.
     0 | D:1      | Reached XP level 1. HP: 19/19 MP: 0/0
   183 | D:1      | Reached XP level 2. HP: 27/27 MP: 1/1
   266 | D:1      | You fall through a shaft!
   621 | D:1      | Reached XP level 3. HP: 32/33 MP: 2/2
  1470 | D:3      | Reached XP level 4. HP: 39/41 MP: 3/3
  1967 | D:3      | Reached skill level 5 in Fighting
  1967 | D:3      | Reached skill level 5 in Armour
  1967 | D:3      | Reached XP level 5. HP: 33/48 MP: 4/4
  3061 | D:4      | Reached XP level 6. HP: 27/56 MP: 5/5
  3266 | D:4      | Noticed Execuda's ghost (novice MiGl)
  3330 | D:5      | Entered Level 5 of the Dungeon
  3335 | D:5      | Reached skill level 5 in Axes
  3632 | D:5      | Noticed an ice beast
  3642 | D:5      | Killed an ice beast
  3737 | D:5      | Reached XP level 7. HP: 62/63 MP: 6/6
  5174 | D:4      | Reached XP level 8. HP: 67/73 MP: 7/7
  5653 | D:6      | Noticed Eustachio
  5678 | D:6      | Killed Eustachio
  7051 | D:7      | Found a staircase to the Ecumenical Temple.
  7067 | Temple   | Entered the Ecumenical Temple
  7371 | Temple   | Became a worshipper of Ru the Awakened
  7580 | D:7      | Reached XP level 9. HP: 46/82 MP: 8/8
  7907 | D:7      | Noticed a troll
  8439 | D:8      | Found a burning altar of Makhleb.
  8439 | D:8      | Noticed an Executioner
  8546 | D:8      | Gained mutation: Your cowardice makes you less effective in combat with threatening monsters. [Ru sacrifice]
  8546 | D:8      | Reached * piety under Ru
  8554 | D:8      | Noticed a two-headed ogre
  9594 | D:8      | Killed a two-headed ogre
  9594 | D:8      | Reached skill level 10 in Fighting
  9594 | D:8      | Reached skill level 10 in Axes
  9594 | D:8      | Reached skill level 10 in Armour
  9876 | D:9      | Paralysed by fainting for 5 turns
  9908 | D:9      | Reached XP level 10. HP: 69/94 MP: 9/9
 10664 | D:9      | Paralysed by a hornet for 1 turns
 11714 | D:10     | Entered Level 10 of the Dungeon
 11899 | D:10     | Found a staircase to the Orcish Mines.
 11899 | D:10     | Noticed a two-headed ogre
 11917 | D:10     | HP: 2/97 [two-headed ogre/giant club (14)]
 11921 | D:10     | Killed a two-headed ogre
 12394 | D:10     | Gained mutation: You are somewhat inexperienced. (-2 XL) [Ru sacrifice]
 12394 | D:10     | Reached XP level 9. HP: 90/90 MP: 8/8
 12394 | D:10     | Reached XP level 8. HP: 83/83 MP: 7/7
 12394 | D:10     | Reached ** piety under Ru
 12394 | D:10     | Reached *** piety under Ru
 12398 | D:10     | Got a twitching crystal amulet
 12474 | D:10     | Reached XP level 9. HP: 90/90 MP: 8/8
 12475 | D:10     | Noticed a two-headed ogre
 12498 | D:10     | Killed a two-headed ogre
 12675 | D:10     | Found a runed door.
 12773 | D:10     | Found a staircase to the Lair.
 12950 | D:10     | Noticed Psyche
 12961 | D:10     | Killed Psyche
 13116 | D:10     | Noticed an efreet
 13116 | D:10     | Noticed a troll
 13165 | D:9      | Killed a troll
 13214 | D:9      | You fall through a shaft for 3 floors!
 13349 | D:12     | Reached XP level 10. HP: 70/99 MP: 9/9
 13537 | D:12     | Noticed a green ugly thing
 13554 | D:12     | Killed a green ugly thing
 13624 | D:12     | Noticed a two-headed ogre
 13636 | D:12     | Killed a two-headed ogre
 13668 | D:12     | Upgraded the game from 0.22-a0-281-g2e20325899 to 0.22-a0-282-gdd34a7dfb5
 13673 | D:12     | Noticed a molten gargoyle
 13907 | D:11     | Noticed an orc knight
 14275 | D:13     | Killed an orc knight
 14421 | D:12     | Noticed a stone giant
 14463 | D:12     | HP: 2/101 [stone giant (7)]
 14466 | D:12     | Killed a stone giant
 14466 | D:12     | Reached XP level 11. HP: 37/107 MP: 10/10
 14686 | D:12     | Noticed a stone giant
 14687 | D:12     | Found the +7 longbow "Piercer" {penet, EV-2}
 14735 | D:11     | Killed from afar by a gargoyle

Vault maps used:
D:1:      lemuel_arrival_broad_hall
D:2:      minmay_tiny_reverse_x
D:3:      serial_aquarium, aquarium_bridge_long_separate, aquarium_window_fake,
          aquarium_window_2, aquarium_window_2, aquarium_window_corner,
          aquarium_view_2f, aquarium_pool_2
D:5:      lemuel_ratsnest, first_ration
D:6:      uniq_eustachio
D:7:      temple_fountains
D:8:      makhleb_altar_promises_db, lightli_orcish_oven
D:9:      serial_glass, glass_columns_a, glass_columns_c, item_on_display_a,
          hangedman_pestilent_swarm
D:10:     erik_lair_dragon, serial_curves, eino_curves_03, eino_curves_03,
          minmay_crystal_water, minmay_st_funbox, uniq_psyche
D:11:     serial_shops, nicolae_shop_behind_doors
D:12:     minmay_the_grid_four_pointed_star, corexii_leaking_fountain,
          minivault_8
D:13:     grunt_vaults_entry_tiered, uniq_erolcha
Temple:   regret_index_temple_sigil_plot

Skill      XL: |  1  2  3  4  5  6  7  8  9 10 |
---------------+-------------------------------+-----
Fighting       | 4 5 6 7 8 10 13 | 13.3
Armour         | 4 5 6 7 12 10 13 | 13.3
Axes           | 3 4 5 6 8 12 13 | 13.1
Shields        | |  3.6

Action                   |  1- 3 |  4- 6 |  7- 9 | 10-12 || total
-------------------------+-------+-------+-------+-------++-------
Melee: War axe           |    99 |    99 |   526 |   334 ||  1058
       Headbutt          |    14 |    16 |    94 |    78 ||   202
Invok: Sacrifice Experie |       |       |     1 |       ||     1
       Sacrifice Courage |       |       |     1 |       ||     1
       Draw Out Power    |       |       |       |     1 ||     1
Evoke: Wand              |       |       |     3 |       ||     3
  Use: Scroll            |       |       |     9 |    10 ||    19
       Potion            |       |       |       |     7 ||     7
 Stab: Invisible         |       |       |     1 |     3 ||     4
       Distracted        |       |       |       |     1 ||     1
  Eat: Chunk             |     2 |     7 |    19 |    14 ||    42
       Ration            |       |       |     3 |       ||     3
Armor: Scale mail        |    41 |    38 |    48 |       ||   127
       Chain mail        |       |       |   218 |   217 ||   435
Dodge: Dodged            |    27 |    31 |   151 |   105 ||   314
Block: Shield            |    56 |    56 |   289 |   192 ||   593

Table legend:
 A = Spawn XP
 B = Non-spawn XP
 C = Spawn XP percentage of total XP
 D = Spawn monster count
 E = Non-spawn monster count
 F = Spawn count percentage of total count
 G = Total turns spent on level
                    A         B        C        D         E        F      G
               +---------+---------+-------+---------+---------+-------+---------
         Total |       0 |   19865 |   0.0 |       0 |     322 |   0.0 | 14735
               +---------+---------+-------+---------+---------+-------+---------
           D:1 |       0 |      31 |   0.0 |       0 |      19 |   0.0 |   811
           D:2 |       0 |     109 |   0.0 |       0 |      27 |   0.0 |  1012
           D:3 |       0 |      81 |   0.0 |       0 |      16 |   0.0 |  1088
           D:4 |       0 |     643 |   0.0 |       0 |      32 |   0.0 |  1385
           D:5 |       0 |     623 |   0.0 |       0 |      47 |   0.0 |  1206
           D:6 |       0 |     905 |   0.0 |       0 |      21 |   0.0 |  1154
           D:7 |       0 |     946 |   0.0 |       0 |      12 |   0.0 |  1828
           D:8 |       0 |    2293 |   0.0 |       0 |      30 |   0.0 |  1559
           D:9 |       0 |    3344 |   0.0 |       0 |      42 |   0.0 |  1406
          D:10 |       0 |    4524 |   0.0 |       0 |      39 |   0.0 |  1445
          D:11 |       0 |     364 |   0.0 |       0 |       4 |   0.0 |    43
          D:12 |       0 |    5014 |   0.0 |       0 |      29 |   0.0 |  1013
          D:13 |       0 |     988 |   0.0 |       0 |       4 |   0.0 |   465
               +---------+---------+-------+---------+---------+-------+---------
